TOP OF THE 1ST |
Hartford Pride batting - Pitching for Hamilton Coyotes : LHP Gerald Emerson
|
Pitching: LHP Gerald Emerson
|
|
Batting: LHB Daniel Joseph
|
0-0: Ball 1-0: Ground out 1-3 (Groundball, 13, EV 71.9 MPH)
|
Batting: RHB Katsuhiko Ishihara
|
0-0: Ball 1-0: Called Strike 1-1: Ball 2-1: Foul Ball, location: 2F 2-2: Foul Ball, location: 2F 2-2: Ball 3-2: Base on Balls
|
Batting: RHB Hani Azwan
|
0-0: Ball 1-0: Fly out, F8 (Line Drive, 8RD, EV 105.0 MPH)
|
Batting: RHB Lester Kwiatkowski
|
0-0: Ball 1-0: Foul Ball, location: 2F 1-1: Swinging Strike 1-2: Ball 2-2: Ball 3-2: Base on Balls Katsuhiko Ishihara to second
|
Batting: LHB Héctor Galló
|
0-0: Called Strike 0-1: Fly out, F9 (Flyball, 89M, EV 73.8 MPH)
|
Top of the 1st over - 0 runs, 0 hits, 0 errors, 2 left on base; Hartford 0 - Hamilton 0 |
BOTTOM OF THE 1ST |
Hamilton Coyotes batting - Pitching for Hartford Pride : RHP Rook Ellington
|
Pitching: RHP Rook Ellington
|
|
Batting: LHB Jason Powell
|
0-0: Called Strike 0-1: Called Strike 0-2: Foul Ball, location: 2F 0-2: Strikes out swinging
|
Batting: RHB Rey McSriff
|
0-0: Ball 1-0: SINGLE (Line Drive, 56D, EV 100.6 MPH)
|
Batting: LHB Ánibal Lima
|
0-0: Called Strike 0-1: Swinging Strike 0-2: Foul Ball, location: 2F 0-2: Fly out, F9 (Flyball, 89M, EV 88.8 MPH)
|
Batting: SHB Alex Warner
|
0-0: Ball 1-0: Called Strike 1-1: Called Strike 1-2: Ball 2-2: Foul Ball, location: 2F 2-2: Ground out 4-3 (Groundball, 4, EV 103.8 MPH)
|
Bottom of the 1st over - 0 runs, 1 hit, 0 errors, 1 left on base; Hartford 0 - Hamilton 0 |
TOP OF THE 2ND |
Hartford Pride batting - Pitching for Hamilton Coyotes : LHP Gerald Emerson
|
Pitching: RHP Erick Indiano
|
|
Batting: RHB Joe Aller
|
0-0: Ball 1-0: Swinging Strike 1-1: Called Strike 1-2: Ball 2-2: Foul Ball, location: 2F 2-2: Ball 3-2: Fly out, F8 (Line Drive, 8LD, EV 106.9 MPH)
|
Batting: SHB Alvin Peterson
|
0-0: Ball 1-0: Called Strike 1-1: Ball 2-1: Ball 3-1: Base on Balls
|
Batting: RHB Joshua Cadaval
|
0-0: Ball 1-0: Ball Wild Pitch! Alvin Peterson to second 2-0: Fly out, F7 (Flyball, 7S, EV 85.6 MPH)
|
Batting: LHB Jorge Ortíz
|
0-0: Called Strike 0-1: Ball 1-1: SINGLE (Groundball, 34, EV 79.4 MPH) (infield hit) Alvin Peterson to third
|
Batting: LHB Daniel Joseph
|
0-0: Called Strike 0-1: Foul Ball, location: 2F 0-2: Ball 1-2: Strikes out swinging
|
Top of the 2nd over - 0 runs, 1 hit, 0 errors, 2 left on base; Hartford 0 - Hamilton 0 |
BOTTOM OF THE 2ND |
Hamilton Coyotes batting - Pitching for Hartford Pride : RHP Rook Ellington
|
Batting: LHB Marc Ben
|
0-0: Ball 1-0: Ball 2-0: Foul Ball, location: 2F 2-1: Fly out, F4 (Flyball, 34D, EV 89.4 MPH)
|
Batting: RHB Gary Goodwin
|
0-0: Ball 1-0: Foul Ball, location: 2F 1-1: SINGLE (Groundball, 6MD, EV 106.2 MPH)
|
Batting: RHB Kazunari Mizuno
|
0-0: Ball 1-0: Foul Ball, location: 2F 1-1: Called Strike 1-2: Ball 2-2: Ball 3-2: Fielders Choice at 2nd, 1-6 (Groundball, 13, EV 71.2 MPH)
|
Batting: SHB Júlio Moreno
|
0-0: Ball 1-0: Ball Kazunari Mizuno steals 2nd base 2-0: Called Strike 2-1: Ground out 6-3 (Groundball, 6, EV 103.8 MPH)
|
Bottom of the 2nd over - 0 runs, 1 hit, 0 errors, 1 left on base; Hartford 0 - Hamilton 0 |
TOP OF THE 3RD |
Hartford Pride batting - Pitching for Hamilton Coyotes : RHP Erick Indiano
|
Batting: RHB Katsuhiko Ishihara
|
0-0: Called Strike 0-1: Fly out, F9 (Line Drive, 9D, EV 91.9 MPH)
|
Pitching: RHP Guy Walters
|
|
Batting: RHB Hani Azwan
|
0-0: Ball 1-0: Called Strike 1-1: Ball 2-1: Swinging Strike 2-2: Foul Ball, location: 2F 2-2: SINGLE (Line Drive, 8RS, EV 108.8 MPH)
|
Batting: RHB Lester Kwiatkowski
|
0-0: Swinging Strike 0-1: Foul Ball, location: 2F 0-2: Foul Ball, location: 2F 0-2: Ball 1-2: Fielders Choice at 2nd, 6-4 (Groundball, 6, EV 84.4 MPH)
|
Batting: LHB Héctor Galló
|
0-0: Ball 1-0: Fly out, F6 (Popup, 6S, EV 70.0 MPH)
|
Top of the 3rd over - 0 runs, 1 hit, 0 errors, 1 left on base; Hartford 0 - Hamilton 0 |
BOTTOM OF THE 3RD |
Hamilton Coyotes batting - Pitching for Hartford Pride : RHP Rook Ellington
|
Batting: RHB Rob Shannon
|
0-0: Fly out, F8 (Flyball, 8LS, EV 88.1 MPH)
|
Batting: LHB Jason Powell
|
0-0: Ball 1-0: Called Strike 1-1: Ground out 4-3 (Groundball, 4M, EV 101.2 MPH)
|
Batting: RHB Rey McSriff
|
0-0: Called Strike 0-1: Ground out 6-3 (Groundball, 6, EV 98.8 MPH)
|
Bottom of the 3rd over - 0 runs, 0 hits, 0 errors, 0 left on base; Hartford 0 - Hamilton 0 |
TOP OF THE 4TH |
Hartford Pride batting - Pitching for Hamilton Coyotes : RHP Guy Walters
|
Batting: RHB Joe Aller
|
0-0: Called Strike 0-1: Ball 1-1: Swinging Strike 1-2: Strikes out swinging
|
Batting: SHB Alvin Peterson
|
0-0: Ball 1-0: Ground out 1-3 (Groundball, 34S, EV 66.2 MPH)
|
Batting: RHB Joshua Cadaval
|
0-0: Called Strike 0-1: Ball 1-1: Ball 2-1: Ball 3-1: Fly out, F4 (Popup, 4MD, EV 65.0 MPH)
|
Top of the 4th over - 0 runs, 0 hits, 0 errors, 0 left on base; Hartford 0 - Hamilton 0 |
BOTTOM OF THE 4TH |
Hamilton Coyotes batting - Pitching for Hartford Pride : RHP Rook Ellington
|
Batting: LHB Ánibal Lima
|
0-0: Ball 1-0: Fly out, F3 (Line Drive, 3, EV 68.1 MPH)
|
Batting: SHB Alex Warner
|
0-0: Ball 1-0: Ball 2-0: Called Strike 2-1: Swinging Strike 2-2: Foul Ball, location: 2F 2-2: Ball 3-2: Fly out, F9 (Flyball, 9LSF, EV 76.9 MPH)
|
Batting: LHB Marc Ben
|
0-0: Ball 1-0: Called Strike 1-1: Ground out U3 (Groundball, 34S, EV 90.0 MPH)
|
Bottom of the 4th over - 0 runs, 0 hits, 0 errors, 0 left on base; Hartford 0 - Hamilton 0 |
TOP OF THE 5TH |
Hartford Pride batting - Pitching for Hamilton Coyotes : RHP Guy Walters
|
Batting: LHB Jorge Ortíz
|
0-0: Ball 1-0: Swinging Strike 1-1: SINGLE (Groundball, 34D, EV 95.6 MPH)
|
Batting: LHB Daniel Joseph
|
0-0: Ball 1-0: SINGLE (Groundball, 34D, EV 100.6 MPH) Jorge Ortíz to second Runner from 2nd tries for 3rd, SAFE, no throw by RF
|
Batting: RHB Katsuhiko Ishihara
|
0-0: Ball 1-0: Ball 2-0: Foul Ball, location: 2F 2-1: Foul Ball, location: 2F 2-2: Fly out, F9 (Flyball, 9D, EV 101.2 MPH) Runner from 3rd tags up, SCORES, throw by RF
|
Batting: RHB Hani Azwan
|
0-0: Swinging Strike 0-1: Swinging Strike 0-2: SINGLE (Line Drive, 34D, EV 98.1 MPH) Daniel Joseph to second Runner from 2nd tries for 3rd, SAFE, no throw by RF
|
Batting: RHB Lester Kwiatkowski
|
0-0: Ball 1-0: Called Strike 1-1: Fly out, F7 (Line Drive, 7D, EV 98.1 MPH) Runner from 3rd tags up, SCORES, throw by LF
|
Batting: LHB Héctor Galló
|
0-0: Ball Hani Azwan steals 2nd base 1-0: Intentional Walk
|
Batting: RHB Joe Aller
|
0-0: Swinging Strike 0-1: SINGLE (Groundball, 4S, EV 77.5 MPH) (infield hit) Hani Azwan to third Héctor Galló to second
|
Batting: SHB Alvin Peterson
|
0-0: Ball 1-0: Ball 2-0: Ball 3-0: Base on Balls Hani Azwan scores Héctor Galló to third Joe Aller to second
|
Batting: RHB Joshua Cadaval
|
0-0: Ball 1-0: Ball 2-0: Called Strike 2-1: Ball 3-1: Base on Balls Héctor Galló scores Joe Aller to third Alvin Peterson to second
|
Pitching: RHP Hansky Paillant
|
|
Batting: LHB Jorge Ortíz
|
0-0: Foul Ball, location: 2F 0-1: Ball 1-1: Fielders Choice at 2nd, 6-4 (Groundball, 6, EV 88.8 MPH)
|
Top of the 5th over - 4 runs, 4 hits, 0 errors, 3 left on base; Hartford 4 - Hamilton 0 |
BOTTOM OF THE 5TH |
Hamilton Coyotes batting - Pitching for Hartford Pride : RHP Rook Ellington
|
Batting: RHB Gary Goodwin
|
0-0: Ball 1-0: Foul Ball, location: 2F 1-1: Ball 2-1: SINGLE (Line Drive, 4M, EV 111.2 MPH)
|
Batting: RHB Kazunari Mizuno
|
0-0: Ball 1-0: Called Strike 1-1: Swinging Strike 1-2: Ball 2-2: Ball 3-2: Fly out, F9 (Flyball, 9D, EV 90.6 MPH)
|
Batting: SHB Júlio Moreno
|
0-0: Ball 1-0: Foul Ball, location: 2F 1-1: Ball 2-1: DOUBLE (Line Drive, 78M, EV 95.6 MPH) Gary Goodwin to third Runner from 3rd tries for Home, SAFE, throw by LF to home
|
Batting: RHB Rob Shannon
|
0-0: Called Strike 0-1: Ball 1-1: Foul Ball, location: 2F 1-2: Strikes out swinging
|
Batting: LHB Jason Powell
|
0-0: Ball 1-0: Foul Ball, location: 2F 1-1: Called Strike 1-2: Foul Ball, location: 2F 1-2: SINGLE (Groundball, 6D, EV 99.4 MPH) Júlio Moreno to third Runner from 3rd tries for Home, SAFE, no throw by CF
|
Batting: RHB Rey McSriff
|
0-0: Ball Jason Powell steals 2nd base (no throw) 1-0: Foul Ball, location: 2F 1-1: Fly out, F8 (Flyball, 8LD, EV 91.2 MPH)
|
Bottom of the 5th over - 2 runs, 3 hits, 0 errors, 1 left on base; Hartford 4 - Hamilton 2 |
TOP OF THE 6TH |
Hartford Pride batting - Pitching for Hamilton Coyotes : RHP Hansky Paillant
|
Batting: LHB Daniel Joseph
|
0-0: Foul Ball, location: 2F 0-1: Called Strike 0-2: Ball 1-2: Ball 2-2: SINGLE (Line Drive, 9S, EV 98.8 MPH)
|
Batting: RHB Katsuhiko Ishihara
|
0-0: Ball 1-0: Sac Bunt to 23 - play at first, batter OUT! 3-4 Daniel Joseph to second
|
Batting: RHB Hani Azwan
|
0-0: Intentional Walk
|
Batting: RHB Lester Kwiatkowski
|
0-0: Ball 1-0: Foul Ball, location: 2F 1-1: Hit by Pitch Daniel Joseph to third Hani Azwan to second
|
Batting: LHB Héctor Galló
|
0-0: Ball 1-0: Called Strike 1-1: Ball 2-1: Called Strike 2-2: Ball 3-2: Fly out, F9 (Flyball, 9LMF, EV 90.6 MPH) Runner from 3rd tags up, SCORES, no throw by RF
|
Batting: RHB Joe Aller
|
0-0: Ball 1-0: Called Strike 1-1: Ball 2-1: Swinging Strike 2-2: Ball 3-2: Foul Ball, location: 2F 3-2: Strikes out swinging
|
Top of the 6th over - 1 run, 1 hit, 0 errors, 2 left on base; Hartford 5 - Hamilton 2 |
BOTTOM OF THE 6TH |
Hamilton Coyotes batting - Pitching for Hartford Pride : RHP Rook Ellington
|
Batting: LHB Ánibal Lima
|
0-0: Foul Ball, location: 2F 0-1: Fly out, F8 (Flyball, 89D, EV 98.1 MPH)
|
Batting: SHB Alex Warner
|
0-0: SINGLE (Groundball, 4, EV 86.2 MPH) (infield hit)
|
Batting: LHB Marc Ben
|
0-0: Called Strike 0-1: Ball 1-1: Fielders Choice at 2nd, 4-6 (Groundball, 4, EV 88.8 MPH)
|
Batting: RHB Gary Goodwin
|
0-0: Swinging Strike 0-1: Foul Ball, location: 2F 0-2: Ball 1-2: Ball 2-2: Foul Ball, location: 2F 2-2: Ball 3-2: Strikes out swinging
|
Bottom of the 6th over - 0 runs, 1 hit, 0 errors, 1 left on base; Hartford 5 - Hamilton 2 |
TOP OF THE 7TH |
Hartford Pride batting - Pitching for Hamilton Coyotes : RHP Hansky Paillant
|
Batting: SHB Alvin Peterson
|
0-0: Ball 1-0: Ball 2-0: Ground out 6-3 (Groundball, 6, EV 103.1 MPH)
|
Batting: RHB Joshua Cadaval
|
0-0: Ball 1-0: Called Strike 1-1: Foul Ball, location: 2F 1-2: Ball 2-2: Ball 3-2: Foul Ball, location: 2F 3-2: Base on Balls
|
Pitching: RHP Apollo Vermouth
|
|
Batting: LHB Jorge Ortíz
|
0-0: Ball 1-0: Called Strike 1-1: Called Strike 1-2: Ball 2-2: SINGLE (Groundball, 4D, EV 101.2 MPH) Joshua Cadaval to second
|
Batting: LHB Daniel Joseph
|
0-0: Called Strike 0-1: Ball 1-1: Fielders Choice at 2nd, 4-6 (Groundball, 4, EV 81.2 MPH) Joshua Cadaval to third
|
Batting: RHB Katsuhiko Ishihara
|
0-0: Swinging Strike 0-1: Ball 1-1: Ball 2-1: Ball 3-1: Swinging Strike 3-2: Foul Ball, location: 2F 3-2: Base on Balls Daniel Joseph to second
|
Batting: RHB Hani Azwan
|
0-0: Called Strike 0-1: Foul Ball, location: 2F 0-2: Ball 1-2: Strikes out swinging
|
Top of the 7th over - 0 runs, 1 hit, 0 errors, 3 left on base; Hartford 5 - Hamilton 2 |
BOTTOM OF THE 7TH |
Hamilton Coyotes batting - Pitching for Hartford Pride : RHP Rook Ellington
|
Batting: RHB Kazunari Mizuno
|
0-0: Foul Ball, location: 2F 0-1: Ball 1-1: Fly out, F5 (Popup, 5L, EV 62.5 MPH)
|
Batting: SHB Júlio Moreno
|
0-0: Foul Ball, location: 2F 0-1: Swinging Strike 0-2: Ground out 4-3 (Groundball, 4M, EV 85.6 MPH)
|
Batting: RHB Rob Shannon
|
0-0: Ball 1-0: Ball 2-0: Called Strike 2-1: Foul Ball, location: 2F 2-2: Ball 3-2: Fly out, F7 (Flyball, 7D, EV 98.1 MPH)
|
Bottom of the 7th over - 0 runs, 0 hits, 0 errors, 0 left on base; Hartford 5 - Hamilton 2 |
TOP OF THE 8TH |
Hartford Pride batting - Pitching for Hamilton Coyotes : RHP Apollo Vermouth
|
Batting: RHB Lester Kwiatkowski
|
0-0: Ball 1-0: Ball 2-0: Ball 3-0: Called Strike 3-1: Base on Balls
|
Batting: LHB Héctor Galló
|
0-0: Swinging Strike 0-1: Fly out, F7 (Flyball, 7LM, EV 89.4 MPH)
|
Batting: RHB Joe Aller
|
0-0: Swinging Strike 0-1: Foul Ball, location: 2F 0-2: Ball 1-2: Foul Ball, location: 2F 1-2: Strikes out swinging
|
Batting: SHB Alvin Peterson
|
0-0: Ball 1-0: Ball 2-0: Foul Ball, location: 2F 2-1: Ball 3-1: Called Strike 3-2: Base on Balls Lester Kwiatkowski to second
|
Batting: RHB Joshua Cadaval
|
0-0: Ball 1-0: Fly out, F9 (Line Drive, 9, EV 98.1 MPH)
|
Top of the 8th over - 0 runs, 0 hits, 0 errors, 2 left on base; Hartford 5 - Hamilton 2 |
BOTTOM OF THE 8TH |
Hamilton Coyotes batting - Pitching for Hartford Pride : RHP Rook Ellington
|
Batting: LHB Jason Powell
|
0-0: Ball 1-0: Foul Ball, location: 2F 1-1: Ball 2-1: Swinging Strike 2-2: Foul Ball, location: 2F 2-2: Foul Ball, location: 2F 2-2: Ball 3-2: Base on Balls
|
Batting: RHB Rey McSriff
|
0-0: Ball 1-0: Grounds into double play, 5-4-3 (Groundball, 56S, EV 86.9 MPH)
|
Batting: LHB Ánibal Lima
|
0-0: Ball 1-0: Called Strike 1-1: Swinging Strike 1-2: Ball 2-2: Foul Ball, location: 2F 2-2: Strikes out swinging
|
Bottom of the 8th over - 0 runs, 0 hits, 0 errors, 0 left on base; Hartford 5 - Hamilton 2 |
TOP OF THE 9TH |
Hartford Pride batting - Pitching for Hamilton Coyotes : RHP Apollo Vermouth
|
Pitching: RHP Stu Searle
|
|
Batting: LHB Jorge Ortíz
|
0-0: Called Strike 0-1: Ball 1-1: Called Strike 1-2: Foul Ball, location: 2F 1-2: Fly out, F7 (Flyball, 7D, EV 102.5 MPH)
|
Batting: LHB Daniel Joseph
|
0-0: Ball 1-0: Called Strike 1-1: Ball 2-1: Foul Ball, location: 2F 2-2: SINGLE (Groundball, 4MD, EV 95.0 MPH)
|
Batting: RHB Katsuhiko Ishihara
|
0-0: Swinging Strike 0-1: Called Strike 0-2: Strikes out swinging
|
Batting: RHB Hani Azwan
|
0-0: Ball 1-0: Ball 2-0: Called Strike 2-1: Called Strike 2-2: Ball 3-2: Fly out, F7 (Flyball, 7, EV 85.0 MPH)
|
Top of the 9th over - 0 runs, 1 hit, 0 errors, 1 left on base; Hartford 5 - Hamilton 2 |
BOTTOM OF THE 9TH |
Hamilton Coyotes batting - Pitching for Hartford Pride : RHP Rook Ellington
|
Pitching: RHP Darweshi Hadiya
|
|
Batting: SHB Alex Warner
|
0-0: Called Strike 0-1: Fly out, F7 (Flyball, 7LMF, EV 73.8 MPH)
|
Batting: LHB Marc Ben
|
0-0: Foul Ball, location: 2F 0-1: Fly out, F8 (Flyball, 89S, EV 83.1 MPH)
|
Batting: RHB Gary Goodwin
|
0-0: Swinging Strike 0-1: SINGLE (Groundball, 6MD, EV 106.9 MPH)
|
Batting: RHB Kazunari Mizuno
|
0-0: Called Strike 0-1: Swinging Strike 0-2: Ball 1-2: Strikes out swinging
|
Bottom of the 9th over - 0 runs, 1 hit, 0 errors, 1 left on base; Hartford 5 - Hamilton 2 |
|